 Dungeon Crawl Stone Soup version 0.30.1-3-gfc49f6343a (webtiles) character file.

Game seed: 7238514826999416995

42 KyoPewz the Poker (level 3, 0/31 HPs)
             Began as a Minotaur Fighter on Aug 8, 2023.
             Succumbed to an orc's poison
             ... on level 2 of the Dungeon.
             The game lasted 00:02:13 (849 turns).

KyoPewz the Poker (Minotaur Fighter)                 Turns: 849, Time: 00:02:14

Health: 0/31       AC:  8    Str: 22    XL:     3   Next: 33%
Magic:  2/2        EV:  9    Int:  5    God:
Gold:   49         SH:  4    Dex:  9    Spells: 2/2 levels left

rFire   . . .        a - +0 trident
rCold   . . .        c - +0 buckler
rNeg    . . .        b - +0 scale mail
rPois   .            (helmet restricted)
rElec   .            j - +0 cloak
rCorr   .            (no gloves)
SInv    .            (no boots)
Will    .....        (no amulet) Stlth
                     (no ring)
HPRegen 0.25/turn    (no ring)
MPRegen 0.08/turn

%: no passive effects
@: lethally poisoned (0 -> -28), attractive
A: horns 2, retaliatory headbutt
a: no special abilities


You were on level 2 of the Dungeon.
You visited 1 branch of the dungeon, and saw 2 of its levels.

You collected 49 gold pieces.

Inventory:

Hand Weapons
 a - a +0 trident (weapon)
Missiles
 h - 15 stones (quivered)
Armour
 b - a +0 scale mail (worn)
 c - a +0 buckler (worn)
 j - a +0 cloak (worn)
Scrolls
 e - a scroll of noise {unknown}
 g - a scroll of identify {unknown}
 l - a scroll of vulnerability {unknown}
 n - a scroll of magic mapping {unknown}
 o - a scroll of immolation {unknown}
Potions
 d - a potion of might
 i - a potion of curing {unknown}
 k - a potion of degeneration {unknown}
 m - a potion of flight {unknown}


   Skills:
 - Level 3.6 Fighting
 + Level 4.6 Polearms
 - Level 3.6 Armour
 - Level 3.6 Shields


You had 2 spell levels left.
You didn't know any spells.
Your spell library was empty.

Dungeon Overview and Level Annotations

Branches:
Dungeon (2/15)

Altars:


Innate Abilities, Weirdness & Mutations

You have a pair of horns on your head.
You reflexively headbutt those who attack you in melee.


Message History

The magic dart hits you.
You take 6 damage, and have 25/31 hp.
You reach to attack!
You barely miss the orc wizard. You hit the orc wizard.
Your headbutt misses the orc wizard.
The orc wizard is lightly wounded.
The orc wizard hits you with a +0 dagger.
You take 1 damage, and have 24/31 hp.
You hit the orc wizard.
The orc wizard is lightly wounded.
The orc wizard mumbles some strange words.
The orc wizard flickers and vanishes!
Deactivating autopickup; reactivate with Ctrl-A.
You reach to attack!
You hit the orc but do no damage. Something hits you but does no damage.
The orc hits you but does no damage.
You are poisoned.
You reach to attack!
You barely miss the orc.
You feel very sick. The orc closely misses you.
Something hits you but does no damage.
You take 3 damage, and have 21/31 hp.
You feel sick.
You see here 8 stones.
You take 1 damage, and have 20/31 hp.
You feel sick.
You take 1 damage, and have 19/31 hp.
You aren't carrying any items that you can evoke.
Reach: a) +0 trident
Press: ? - help, Dir - move target, f/p - orc
Aim: an orc, wielding a +0 trident of venom and wearing a +0 scale mail (about 40% to evade your +0 trident)
Something you can't see is in the way.
You miss something. Your headbutt misses something.
You feel sick.
The orc hits you from afar with a +0 trident of venom.
You are lethally poisoned!
Something hits you but does no damage. x2
The orc hits you from afar with a +0 trident of venom.
* * * LOW HITPOINT WARNING * * *
You are more poisoned.
You take 12 damage, and have 7/31 hp.
MASSIVE DAMAGE!!
It was a potion of attraction.
You feel attractive to monsters.
You die...

#.............#
############..#
########..#
.........>#
#.######.###.#
#.#..........#
#.#.##.#######
#.#†##.#
#.#@##.#
###.#(#..#
#...o...##
#.#.#.### #o#.#
#.#.# #o#.#
#.#.. #.###


You could see 2 orcs.

Vanquished Creatures
  An adder (D:2)
  2 dart slugs (D:1)
  5 ball pythons (D:1)
  2 endoplasms (D:1)
  A giant cockroach (D:1)
  2 goblins (D:1)
  3 hobgoblins (D:1)
  A quokka (D:1)
  4 bats
  2 frilled lizards (D:1)
  3 kobolds (D:1)
  5 rats (D:1)
31 creatures vanquished.

Notes
Turn   | Place    | Note
-------+----------+-------------------------------------------
     0 | D:1      | KyoPewz the Minotaur Fighter began the quest for the Orb.
     0 | D:1      | Reached XP level 1. HP: 19/19 MP: 0/0
    49 | D:1      | Reached skill level 3 in Polearms
    73 | D:1      | Reached XP level 2. HP: 19/26 MP: 1/1
   286 | D:1      | Reached skill level 4 in Polearms
   498 | D:1      | Reached XP level 3. HP: 30/31 MP: 2/2
   849 | D:2      | Succumbed to an orc's poison

Illustrated notes

Levels and vault maps discovered:
D:1:      roderic_chinese_lattice_arrival, layout_basic
D:2:      layout_basic

Skill      XL: |  1  2 |
---------------+-------+-----
Polearms       | 3 4 |  4.6
Fighting       | |  3.6
Armour         | |  3.6
Shields        | |  3.6

Action                     || total
---------------------------++-------
  Melee: Trident           ||    60
         Headbutt          ||     8
    Use: Potion            ||     1
 Armour: Scale mail        ||    22
  Dodge: Dodged            ||    13
  Block: Buckler           ||     3
